MLB
OAKLAND ATHLETICS @ LOS ANGELES ANGELS
07/09/2098
 
TOP OF THE 1ST
Oakland Athletics batting - Pitching for Los Angeles Angels : LHP Andy Parke
Pitching: LHP Andy Parke
Batting: LHB Ryan Tipton 0-0: Foul Ball, location: 5SF
0-1: Ball
1-1: Ball
2-1: Ball
3-1: Swinging Strike
3-2: Foul Ball, location: 7LMF
3-2: Base on Balls
Batting: RHB Ben Celeste 0-0: Called Strike
Ryan Tipton steals 2nd base
0-1: Ball
1-1: Ground out 6-3 (Groundball, 6, EV 98.8 MPH)
Ryan Tipton to third
Batting: LHB Pat Wilson 0-0: Fly out, F7 (Line Drive, 7S, EV 96.9 MPH)
Batting: LHB Ivan Suarez 0-0: Called Strike
0-1: Ball
1-1: Foul Ball, location: 2F
1-2: Foul Ball, location: 7LMF
1-2: Strikes out swinging
Top of the 1st over - 0 runs, 0 hits, 0 errors, 1 left on base; Oakland 0 - Los Angeles 0
BOTTOM OF THE 1ST
Los Angeles Angels batting - Pitching for Oakland Athletics : LHP Ray Gehring
Pitching: LHP Ray Gehring
Batting: RHB Tom Aitken 0-0: Ball
1-0: Ball
2-0: Swinging Strike
2-1: TRIPLE (Groundball, 5L, EV 106.3 MPH)
Batting: LHB Justin Manns 0-0: Ball
1-0: Ball
2-0: Called Strike
2-1: Called Strike
2-2: Strikes out looking
Batting: LHB Matt Evans 0-0: Foul Ball, location: 5F
0-1: 2-RUN HOME RUN (Flyball, 9LD, EV 94.4 MPH), Distance : 372 ft
Batting: RHB Matthew Allen 0-0: Ball
1-0: Swinging Strike
1-1: Ball
2-1: Foul Ball, location: 5F
2-2: Strikes out swinging
Batting: LHB Trevor Martz 0-0: Fly out, F5 (Popup, 56S, EV 84.4 MPH)
Bottom of the 1st over - 2 runs, 2 hits, 0 errors, 0 left on base; Oakland 0 - Los Angeles 2
TOP OF THE 2ND
Oakland Athletics batting - Pitching for Los Angeles Angels : LHP Andy Parke
Batting: RHB Randy Fowler 0-0: SOLO HOME RUN (Flyball, 7D, EV 95.0 MPH), Distance : 364 ft
Batting: RHB Joey George 0-0: Called Strike
0-1: Called Strike
0-2: Strikes out swinging
Batting: RHB Dallas Lentz 0-0: Foul Ball, location: 25FF
0-1: Called Strike
0-2: Strikes out swinging
Batting: LHB Gene Del Vecchio 0-0: Foul Ball, location: 7LMF
0-1: Ball
1-1: Fly out, F8 (Flyball, 8RM, EV 78.1 MPH)
Top of the 2nd over - 1 run, 1 hit, 0 errors, 0 left on base; Oakland 1 - Los Angeles 2
BOTTOM OF THE 2ND
Los Angeles Angels batting - Pitching for Oakland Athletics : LHP Ray Gehring
Batting: RHB Randy Valdez 0-0: Foul Ball, location: 2F
0-1: Ball
1-1: Ball
2-1: Ball
3-1: Foul Ball, location: 2F
3-2: Strikes out swinging
Batting: RHB Juan Cruz 0-0: Ground out 5-3 (Groundball, 5L, EV 82.5 MPH)
Batting: RHB Dennis Jackson 0-0: Fly out, F8 (Line Drive, 89D, EV 91.3 MPH)
Bottom of the 2nd over - 0 runs, 0 hits, 0 errors, 0 left on base; Oakland 1 - Los Angeles 2
TOP OF THE 3RD
Oakland Athletics batting - Pitching for Los Angeles Angels : LHP Andy Parke
Batting: RHB David Reichel 0-0: Foul Ball, location: 9LMF
0-1: Ground out 6-3 (Groundball, 6, EV 76.3 MPH)
Batting: LHB Ryan Tipton 0-0: Called Strike
0-1: Called Strike
0-2: Ball
1-2: Foul Ball, location: 9LSFF
1-2: Foul Ball, location: 7LSF
1-2: Ball
2-2: Ball
3-2: Strikes out swinging
Batting: RHB Ben Celeste 0-0: SINGLE (Groundball, 34D, EV 106.9 MPH)
Batting: LHB Pat Wilson 0-0: Ball
1-0: Ball
2-0: Ball
3-0: Called Strike
3-1: Base on Balls
Ben Celeste to second
Batting: LHB Ivan Suarez 0-0: Called Strike
0-1: Ball
1-1: Ball
2-1: Ball
3-1: Base on Balls
Ben Celeste to third
Pat Wilson to second
Batting: RHB Randy Fowler 0-0: Ball
1-0: Called Strike
1-1: Ball
2-1: Ball
3-1: Swinging Strike
3-2: Strikes out swinging
Top of the 3rd over - 0 runs, 1 hit, 0 errors, 3 left on base; Oakland 1 - Los Angeles 2
BOTTOM OF THE 3RD
Los Angeles Angels batting - Pitching for Oakland Athletics : LHP Ray Gehring
Batting: RHB Noah Mahaffey 0-0: Ground out 6-3 (Groundball, 6, EV 101.9 MPH)
Batting: RHB Tom Aitken 0-0: Ball
1-0: SINGLE (Groundball, 4MD, EV 108.1 MPH)
Batting: LHB Justin Manns 0-0: Called Strike
0-1: Swinging Strike
0-2: Strikes out swinging
Batting: LHB Matt Evans 0-0: 2-RUN HOME RUN (Flyball, 89XD, EV 96.9 MPH), Distance : 377 ft
Batting: RHB Matthew Allen 0-0: Called Strike
0-1: Swinging Strike
0-2: Strikes out looking
Bottom of the 3rd over - 2 runs, 2 hits, 0 errors, 0 left on base; Oakland 1 - Los Angeles 4
TOP OF THE 4TH
Oakland Athletics batting - Pitching for Los Angeles Angels : LHP Andy Parke
Batting: RHB Joey George 0-0: Ball
1-0: SINGLE (Line Drive, 9LS, EV 95.6 MPH)
Batting: RHB Dallas Lentz 0-0: Called Strike
0-1: Ball
1-1: Ball
2-1: Called Strike
Joey George steals 2nd base
2-2: Strikes out swinging
Batting: LHB Gene Del Vecchio 0-0: Ball
1-0: Fly out, F7 (Flyball, 7D, EV 108.8 MPH)
Batting: RHB David Reichel 0-0: Called Strike
0-1: Swinging Strike
0-2: Foul Ball, location: 5F
0-2: Ball
1-2: Ground out 2-3 (Groundball, 15S, EV 71.3 MPH)
Top of the 4th over - 0 runs, 1 hit, 0 errors, 1 left on base; Oakland 1 - Los Angeles 4
BOTTOM OF THE 4TH
Los Angeles Angels batting - Pitching for Oakland Athletics : LHP Ray Gehring
Batting: LHB Trevor Martz 0-0: Ball
1-0: Foul Ball, location: 2F
1-1: SOLO HOME RUN (Flyball, 7D, EV 91.9 MPH), Distance : 365 ft
Batting: RHB Randy Valdez 0-0: SINGLE (Line Drive, 5L, EV 105.0 MPH)
Batting: RHB Juan Cruz 0-0: Fly out, F5 (Popup, 56S, EV 82.5 MPH)
Batting: RHB Dennis Jackson 0-0: Ball
1-0: Fly out, F5 (Popup, 5SF, EV 66.3 MPH)
Batting: RHB Noah Mahaffey 0-0: Foul Ball, location: 5FF
0-1: Ball
1-1: Foul Ball, location: 2F
1-2: 2-RUN HOME RUN (Flyball, 9D, EV 97.5 MPH), Distance : 377 ft
Batting: RHB Tom Aitken 0-0: Swinging Strike
0-1: Ball
1-1: Called Strike
1-2: Ball
2-2: Strikes out swinging
Bottom of the 4th over - 3 runs, 3 hits, 0 errors, 0 left on base; Oakland 1 - Los Angeles 7
TOP OF THE 5TH
Oakland Athletics batting - Pitching for Los Angeles Angels : LHP Andy Parke
Batting: LHB Ryan Tipton 0-0: Called Strike
0-1: Swinging Strike
0-2: Ball
1-2: Ground out 4-3 (Groundball, 4M, EV 103.1 MPH)
Batting: RHB Ben Celeste 0-0: Called Strike
0-1: Swinging Strike
0-2: SINGLE (Line Drive, 56D, EV 98.1 MPH)
Batting: LHB Pat Wilson 0-0: Ball
Ben Celeste steals 2nd base
1-0: Called Strike
1-1: Ball
2-1: Called Strike
2-2: Foul Ball, location: 2F
2-2: Foul Ball, location: 2F
2-2: Ball
3-2: Foul Ball, location: 2F
3-2: Ground out 4-3 (Groundball, 4, EV 78.8 MPH)
Ben Celeste to third
Batting: LHB Ivan Suarez 0-0: Called Strike
0-1: Foul Ball, location: 2F
0-2: Ball
1-2: Fly out, F7 (Line Drive, 7, EV 92.5 MPH)
Top of the 5th over - 0 runs, 1 hit, 0 errors, 1 left on base; Oakland 1 - Los Angeles 7
BOTTOM OF THE 5TH
Los Angeles Angels batting - Pitching for Oakland Athletics : LHP Ray Gehring
Batting: LHB Justin Manns 0-0: SINGLE (Groundball, 56S, EV 73.8 MPH) (infield hit)
Batting: LHB Matt Evans 0-0: 2-RUN HOME RUN (Flyball, 78XD, EV 108.1 MPH), Distance : 411 ft
Batting: RHB Matthew Allen 0-0: Foul Ball, location: 7LMFF
0-1: Foul Ball, location: 2F
0-2: Strikes out swinging
Batting: LHB Trevor Martz 0-0: Called Strike
0-1: Swinging Strike
0-2: Ball
1-2: Strikes out swinging
Batting: RHB Randy Valdez 0-0: Foul Ball, location: 2F
0-1: Foul Ball, location: 3F
0-2: Ball
1-2: Ball
2-2: Strikes out swinging
Bottom of the 5th over - 2 runs, 2 hits, 0 errors, 0 left on base; Oakland 1 - Los Angeles 9
TOP OF THE 6TH
Oakland Athletics batting - Pitching for Los Angeles Angels : LHP Andy Parke
Pitching: RHP Paul Pickel
Batting: RHB Randy Fowler 0-0: Ball
1-0: Foul Ball, location: 9LSF
1-1: Foul Ball, location: 2F
1-2: Foul Ball, location: 25F
1-2: Strikes out swinging
Batting: RHB Joey George 0-0: Ball
1-0: Called Strike
1-1: Foul Ball, location: 5FF
1-2: Ball
2-2: Strikes out swinging
Batting: RHB Dallas Lentz 0-0: Foul Ball, location: 25F
0-1: Foul Ball, location: 23FF
0-2: Ball
1-2: Ball
2-2: Foul Ball, location: 25F
2-2: Ball
3-2: SINGLE (Line Drive, 78M, EV 95.6 MPH)
Batting: LHB Gene Del Vecchio 0-0: Ball
1-0: Called Strike
1-1: Called Strike
1-2: Ball
2-2: Strikes out swinging
Top of the 6th over - 0 runs, 1 hit, 0 errors, 1 left on base; Oakland 1 - Los Angeles 9
BOTTOM OF THE 6TH
Los Angeles Angels batting - Pitching for Oakland Athletics : LHP Ray Gehring
Pitching: RHP Steven Cadmus
Batting: RHB Juan Cruz 0-0: Reached on error, E6 (Groundball, 6MS, EV 65.6 MPH)
Batting: RHB Dennis Jackson 0-0: Ball
1-0: Called Strike
1-1: Called Strike
1-2: DOUBLE (Groundball, 3L, EV 96.3 MPH)
Juan Cruz to third
Batting: RHB Noah Mahaffey 0-0: Called Strike
0-1: Ground out 6-3 (Groundball, 6, EV 100.6 MPH)
Juan Cruz scores
Dennis Jackson to third
Batting: RHB Tom Aitken 0-0: Ball
1-0: Called Strike
1-1: Fly out, F8 (Flyball, 89D, EV 105.0 MPH)
Runner from 3rd tags up, OUT at HOME! 8-2
Bottom of the 6th over - 1 run, 1 hit, 1 error, 0 left on base; Oakland 1 - Los Angeles 10
TOP OF THE 7TH
Oakland Athletics batting - Pitching for Los Angeles Angels : RHP Paul Pickel
Pinch Hitting: LHB Kyle O'Connor 0-0: Ball
1-0: Ball
2-0: Foul Ball, location: 2F
2-1: Ball
3-1: Swinging Strike
3-2: Strikes out swinging
Batting: LHB Ryan Tipton 0-0: Ball
1-0: Swinging Strike
1-1: SINGLE (Line Drive, 34D, EV 69.4 MPH)
Batting: RHB Ben Celeste 0-0: Swinging Strike
0-1: Ball
1-1: Ball
2-1: Ball
3-1: Base on Balls
Ryan Tipton to second
Batting: LHB Pat Wilson 0-0: Ball
1-0: Foul Ball, location: 2F
1-1: Called Strike
1-2: Strikes out looking
Batting: LHB Ivan Suarez 0-0: Ground out 1-3 (Groundball, 34S, EV 70.0 MPH)
Top of the 7th over - 0 runs, 1 hit, 0 errors, 2 left on base; Oakland 1 - Los Angeles 10
BOTTOM OF THE 7TH
Los Angeles Angels batting - Pitching for Oakland Athletics : RHP Steven Cadmus
Pitching: LHP Justin Thomas
Now at SS: Tom Karr
Batting: LHB Justin Manns 0-0: Foul Ball, location: 5FF
0-1: Foul Ball, location: 2F
0-2: Foul Ball, location: 3F
0-2: Ball
1-2: Ground out U3 (Groundball, 13, EV 91.9 MPH)
Batting: LHB Matt Evans 0-0: Ball
1-0: Ground out 6-3 (Groundball, 6, EV 88.1 MPH)
Batting: RHB Matthew Allen 0-0: Foul Ball, location: 9LSF
0-1: Ground out 6-3 (Groundball, 56, EV 78.1 MPH)
Bottom of the 7th over - 0 runs, 0 hits, 0 errors, 0 left on base; Oakland 1 - Los Angeles 10
TOP OF THE 8TH
Oakland Athletics batting - Pitching for Los Angeles Angels : RHP Paul Pickel
Batting: RHB Randy Fowler 0-0: Fly out, F8 (Flyball, 8RD, EV 111.3 MPH)
Batting: RHB Joey George 0-0: Called Strike
0-1: Ball
1-1: SINGLE (Groundball, 6MD, EV 98.8 MPH)
Pitching: RHP Pedro Ruiz
Batting: RHB Dallas Lentz 0-0: Called Strike
0-1: Swinging Strike
0-2: Ball
Balk!
Joey George to second
1-2: Foul Ball, location: 9LDF
1-2: Foul Ball, location: 7LSFF
1-2: Strikes out swinging
Batting: LHB Gene Del Vecchio 0-0: Ball
1-0: Swinging Strike
1-1: Called Strike
1-2: Ball
2-2: Strikes out swinging
Top of the 8th over - 0 runs, 1 hit, 0 errors, 1 left on base; Oakland 1 - Los Angeles 10
BOTTOM OF THE 8TH
Los Angeles Angels batting - Pitching for Oakland Athletics : LHP Justin Thomas
Batting: LHB Trevor Martz 0-0: Swinging Strike
0-1: Ball
1-1: Called Strike
1-2: Ball
2-2: Strikes out swinging
Batting: RHB Randy Valdez 0-0: Called Strike
0-1: SINGLE (Groundball, 4MD, EV 93.8 MPH)
Batting: RHB Juan Cruz 0-0: Ball
1-0: Called Strike
1-1: Ball
2-1: Called Strike
2-2: Strikes out looking
Batting: RHB Dennis Jackson 0-0: Ground out 1-3 (Groundball, 34S, EV 71.3 MPH)
Bottom of the 8th over - 0 runs, 1 hit, 0 errors, 1 left on base; Oakland 1 - Los Angeles 10
TOP OF THE 9TH
Oakland Athletics batting - Pitching for Los Angeles Angels : RHP Pedro Ruiz
Pinch Hitting: LHB Mario Marquez 0-0: Ball
1-0: Ball
2-0: Called Strike
2-1: Called Strike
2-2: Ball
3-2: SOLO HOME RUN (Line Drive, 7D, EV 101.9 MPH), Distance : 391 ft
Batting: LHB Ryan Tipton 0-0: Called Strike
0-1: SINGLE (Line Drive, 8RS, EV 101.3 MPH)
Batting: RHB Ben Celeste 0-0: Swinging Strike
0-1: Ball
1-1: Called Strike
1-2: SINGLE (Flyball, 3D, EV 94.4 MPH)
Ryan Tipton to second
Batting: LHB Pat Wilson 0-0: Foul Ball, location: 2F
0-1: DOUBLE (Line Drive, 8RXD, EV 109.4 MPH)
Ryan Tipton scores
Ben Celeste to third
Batting: LHB Ivan Suarez 0-0: DOUBLE (Flyball, 8RXD, EV 103.8 MPH)
Ben Celeste scores
Pat Wilson scores
Pitching: RHP Gustavo Vasquez
Batting: RHB Randy Fowler 0-0: Ball
1-0: Called Strike
1-1: 2-RUN HOME RUN (Flyball, 7D, EV 98.8 MPH), Distance : 379 ft
Batting: RHB Joey George 0-0: Ball
1-0: Ball
2-0: Called Strike
2-1: Fly out, F7 (Flyball, 7, EV 96.3 MPH)
Batting: RHB Dallas Lentz 0-0: Foul Ball, location: 2F
0-1: Ball
1-1: Called Strike
1-2: Foul Ball, location: 5F
1-2: Strikes out swinging
Batting: LHB Gene Del Vecchio 0-0: Fly out, F9 (Flyball, 9S, EV 73.1 MPH)
Top of the 9th over - 6 runs, 6 hits, 0 errors, 0 left on base; Oakland 7 - Los Angeles 10
Tuesday, April 9th , 2024 - OOTP Baseball 24.11 Build 85